 Dungeon Crawl Stone Soup version 0.28.0-53-g5a82cb258f (console) character file.

Game seed: 4131273079393152579

2295680 Hector the Conqueror (level 27, 228/228 HPs)
             Began as a Djinni Cinder Acolyte on Oct 25, 2022.
             Was a High Priest of Ignis.
             Escaped with the Orb
             ... and 4 runes on Oct 27, 2022!
             The game lasted 09:45:40 (72817 turns).

Hector the Conqueror (Djinni Cinder Acolyte)       Turns: 72817, Time: 09:45:40

Health: 228/228    AC: 15    Str: 16    XL:     27
Gold:   5720       EV: 12    Int: 39    God:    Ignis [*****.] SH: 28 Dex:  4

rFire   + + +      SeeInvis +   s - +6 falchion {freeze, rC+ Will- Int+3 SInv}
rCold   + + +      Faith    .   i - +8 tower shield {reflect}
rNeg    + . .      Spirit   +   d - +4 troll leather armour
rPois   ∞          Reflect  +   h - +2 hat of the Bear Spirit {Spirit, *Rage Will++}
rElec   +          Harm     .   e - +0 cloak of the Journeyman {rPois rF+ rC+++ rN+}
rCorr   .          Rampage  .   g - +2 pair of gloves
Will    +++..      Archmagi +   (boots unavailable)
Stlth   +......... Rage     20% T - amulet of regeneration
HPRegen 2.08/turn               x - ring "Sats" {rElec Str+5 Int+6 Dex-5}
MPRegen 0.00/turn               W - ring of the Mage {Wiz Archmagi}

@: flying, studying 3 skills
A: sickness immunity, fire resistance 2, cold vulnerability 1, float, innate
caster, HP casting, extra vitality 1, weak 1
0: Orb of Zot
}: 4/15 runes: decaying, serpentine, slimy, silver
a: Renounce Religion, Fiery Armour, Foxfire Swarm, Rising Flame


You escaped.
You worshipped Ignis.
Ignis was extremely pleased with you.
You visited 11 branches of the dungeon, and saw 56 of its levels.
You visited the Abyss 1 time.
You visited 2 bazaars.
You also visited: Sewer and Wizlab.

You collected 8848 gold pieces.
You spent 3128 gold pieces at shops.

Inventory:

Hand Weapons
 a - the +9 long sword of Valour {spect, rF+ Stlth+}
   (You found it on level 3 of the Elven Halls)

   When its wielder attacks, the weapon's spirit leaps out and strikes again.
   The spirit shares a part of any damage it takes with its wielder.
   rF:        It protects you from fire.
   Stlth:     It makes you more stealthy.
 s - the +6 falchion "Faoxup" (weapon) {freeze, rC+ Will- Int+3 SInv}
   (You bought it in a shop on level 2 of the Orcish Mines)

   It freezes those it strikes, dealing additional cold damage.
   It can also slow down cold-blooded creatures.
   Int:       It affects your intelligence (+3).
   rC:        It protects you from cold.
   SInv:      It lets you see invisible.
   Will:      It decreases your willpower.
 A - a +3 antimagic long sword
 C - a +9 vampiric quick blade
 M - a +8 long sword of holy wrath
Missiles
 r - 14 boomerangs of dispersal
 P - 20 boomerangs
Armour
 d - a +4 troll leather armour (worn)
 e - the +0 cloak of the Journeyman (worn) {rPois rF+ rC+++ rN+}
   (You found it on level 5 of the Lair of Beasts)

   rF:        It protects you from fire.
   rC:        It renders you almost immune to cold.
   rPois:     It protects you from poison.
   rN:        It protects you from negative energy.
 g - a +2 pair of gloves (worn)
 h - the +2 hat of the Bear Spirit (worn) {Spirit, *Rage Will++}
   (You found it on level 5 of the Vaults)

   Going berserk makes the wearer tougher, and they're slowed less afterward.
   *Rage:     It berserks you when you make melee attacks (+20% chance).
   Will:      It greatly increases your willpower.
 i - a +8 tower shield of reflection (worn)
Magical Staves
 b - a staff of conjuration
 c - a staff of cold
Jewellery
 o - the ring "Cemes" {rPois rCorr Dex+4}
   (You took it off a skeletal warrior on level 2 of the Crypt)

   [ring of poison resistance]

   Dex:       It affects your dexterity (+4).
   rPois:     It protects you from poison.
   rCorr:     It protects you from acid and corrosion.
 x - the ring "Sats" (left hand) {rElec Str+5 Int+6 Dex-5}
   (You found it on level 3 of the Elven Halls)

   [ring of intelligence]

   Str:       It affects your strength (+5).
   Int:       It affects your intelligence (+6).
   Dex:       It affects your dexterity (-5).
   rElec:     It insulates you from electricity.
 L - the ring "Wufyufum" {EV+4 Int+2 Stlth+}
   (You took it off an ironbound convoker on level 5 of the Vaults)

   [ring of evasion]

   EV:        It affects your evasion (+4).
   Int:       It affects your intelligence (+2).
   Stlth:     It makes you more stealthy.
 S - a ring of see invisible
 T - an amulet of regeneration (around neck)
 W - the ring of the Mage (right hand) {Wiz Archmagi}
   (You took it off a vault warden on level 5 of the Vaults)

   [ring of wizardry]

   It improves your spell success rate.
   Archmagi:  It increases the power of your magical spells.
Wands
 j - a wand of acid (23)
 n - a wand of iceblast (38)
 y - a wand of mindburst (27)
 D - a wand of digging (6)
Scrolls
 f - 8 scrolls of blinking
 l - 2 scrolls of enchant armour
 m - 3 scrolls of magic mapping
 v - 5 scrolls of summoning
 B - 30 scrolls of teleportation
 H - 9 scrolls of noise
 I - 8 scrolls of fear
 Q - 10 scrolls of fog
 R - 2 scrolls of holy word
Potions
 k - 4 potions of ambrosia
 p - 31 potions of curing
 q - 7 potions of haste
 t - 20 potions of heal wounds
 u - 7 potions of invisibility
 w - 9 potions of brilliance
 E - 13 potions of might
 F - 5 potions of resistance
 G - 4 potions of cancellation
 J - 8 potions of mutation
 O - 6 potions of berserk rage
Miscellaneous
 U - a box of beasts
 X - a phantom mirror


   Skills:
 O Level 27 Fighting
 - Level 10.0 Long Blades
 - Level 2.4 Polearms
 - Level 4.0 Armour
 - Level 16.0 Dodging
 - Level 8.0 Stealth
 * Level 23.5 Shields
 - Level 26.0 Spellcasting


You had 7 spell levels left.
You knew the following spells:

 Your Spells              Type           Power      Damage    Failure   Level
a - Stone Arrow           Conj/Erth      100%       3d13      0%          3
b - Fire Storm            Conj/Fire      77%        8d20      1%          9
c - Statue Form           Tmut/Erth      100%       N/A       0%          6
d - Static Discharge      Conj/Air       100%       N/A       0%          2
e - Discord               Hex            77%        N/A       1%          8
f - Scorch                Fire           100%       2d10      0%          2
g - Spellforged Servitor  Conj/Summ      77%        N/A       0%          7
h - Slow                  Hex            100%       N/A       0%          1
i - Irradiate             Conj/Tmut      77%        3d39      0%          5
r - Ozocubu's Refrigerat  Ice            77%        4d20      0%          7
s - Starburst             Conj/Fire      77%        6d20      0%          6
v - Borgnjor's Vile Clut  Necr/Erth      77%        N/A       0%          5
D - Dispersal             Tloc           77%        N/A       0%          6
O - Olgreb's Toxic Radia  Pois           100%       N/A       0%          4
Your spell library was empty.

Dungeon Overview and Level Annotations

Branches:
Dungeon (15/15)            Temple (0/1) D:7            Lair (6/6) D:10
  Swamp (4/4) Lair:3        Snake (4/4) Lair:3        Slime (5/5) Lair:5
    Orc (2/2) D:12            Elf (3/3) Orc:2        Vaults (5/5) D:13
  Crypt (3/3) Vaults:3       Tomb (0/3) Crypt:3      Depths (4/4) D:15
    Zot (5/5) Depths:4      Sewer (visited)          WizLab (visited)

Altars:
Ashenzari
Cheibriados
Elyvilon
Gozag
Kikubaaqudgha
Ru
Trog
Vehumet
Xom
Yredelemnul
Zin
Beogh
Jiyva

Shops:
D:2 (   D:14 *   Orc:2 **((   Elf:2 =:   Elf:3 **(!   Snake:2 (=*?   Snake:3 (
Vaults:1 *   Vaults:3 *

Portals:
Hell: Depths:1 Depths:2 Depths:3 Depths:4
Abyss: Depths:1 Depths:3 Depths:4
Pandemonium: Depths:2
Ziggurat: Depths:3

Annotations:
Elf:2 3 runed translucent doors


Innate Abilities, Weirdness & Mutations

You are immune to sickness and miasma.
You are immune to poison.
Your flesh is very heat resistant. (rF++)
You are vulnerable to cold. (rC-)
You float through the air rather than walking.
You learn spells naturally, not from books.
Your magical power is your life essence.
You have superior vitality. (+4 MHP)
You are weak. (Str -2)


Message History

(D) Dungeon (T) Temple (L) Lair (S) Swamp (P) Snake Pit (M) Slime Pits (O) Orcish Mines (E) Elven Halls (V) Vaults (C) Crypt (W) Tomb (U) Depths (H) Hell (Z) Zot
Where to? (* - list waypoints, Enter - D:1, ? - help) HP restored.
There is a stone staircase leading up here.
You fly upwards.
There is a stone staircase leading down here.
An Orb Guardian comes into view.
Casting: Fire Storm (mildly dangerous; 1% risk of failure)
Confirm with . or Enter, or press ? or * to list all spells.
Aiming: Fire Storm (mildly dangerous; 1% risk of failure)
Press: ? - help, Dir - move target You feel a surge of power!
A raging storm of fire appears!
The great blast of fire engulfs the Orb Guardian!!!
The Orb Guardian is severely wounded.
Unknown command.
Casting: Fire Storm (mildly dangerous; 1% risk of failure)
Confirm with . or Enter, or press ? or * to list all spells.
Aiming: Fire Storm (mildly dangerous; 1% risk of failure)
Press: ? - help, Dir - move target You feel a surge of power!
A raging storm of fire appears!
The great blast of fire engulfs the Orb Guardian!!!
You kill the Orb Guardian!
Unknown command.
(D) Dungeon (T) Temple (L) Lair (S) Swamp (P) Snake Pit (M) Slime Pits (O) Orcish Mines (E) Elven Halls (V) Vaults (C) Crypt (W) Tomb (U) Depths (H) Hell (Z) Zot
Where to? (* - list waypoints, Enter - D:1 @ (x,y), ? - help) HP restored.
There is a staircase leading out of the dungeon here.
There is a staircase leading out of the dungeon here.
Enter note: Woot!
Final Deity.
Unknown command.
Unknown command.
Unknown command.
Unknown command.
You have escaped!

........# #......#........###
........# #...#..#.##.#.#.#
.[......###########..#..#.#.#.#
........##...........#..#.#.#.###
........##.#######..>#^.......#..
........##.#.....#.###........#..
††.........#.........#........#..
#.####.....#...#####.##.......#..
#.# #.....#...#@..#.#...........
#.# #.....#.....#.#.#........###
#.####.....#.#####.#.#...........
...........#.#.....#.#.......####
#.####.....#..>#...#.#.......#
#.# #.....#####...#...####### #.#
#.............#...######## #.#
#.......#.....#.#........# ..#
#....#..#######..#######.#


There were no monsters in sight!

Vanquished Creatures
  the Royal Jelly (Slime:5)
  Mara (Vaults:5)
  11 orbs of fire (Zot:5)
  An ancient lich (Vaults:5)
  4 dread liches
  Margery (Crypt:3)
  7 Killer Klowns
  5 caustic shrikes
  Jory (Crypt:3)
  18 golden dragons
  4 bone dragons
  The ghost of Meckuph the Slayer, an adept OgWr of Hepliaklqana (Vaults:1)
  Nikola (Elf:1)
  5 electric golems
  14 tentacled monstrosities
  The ghost of Miona the Covert, an adept HuVM of Kikubaaqudgha (Elf:1)
  6 liches
  26 Orb Guardians
  Rupert (Lair:6)
  2 shard shrike skeletons (Crypt:3)
  Mlioglotl (Snake:3)
  4 titans (Vaults:5)
  2 deep elf blademasters (Elf:3)
  15 acid blobs
  A walking earthen tome (Depths:4)
  5 quicksilver dragons
  2 deep elf master archers (Elf:3)
  4 sphinxes
  11 tengu reavers
  7 death cobs
  The ghost of Whoops the Warrior, an adept GrFi of the Shining One (Snake:4)
  Gastronok (D:10)
  6 tentacled starspawn
  4 ancient champions
  12 shadow dragons
  2 fenstrider witches (Swamp:4)
  15 storm dragons
  3 fire giants
  2 draconian monks
  12 rockslimes
  4 revenants
  Donald (Swamp:4)
  17 azure jellies
  7 frost giants
  A deep elf sorcerer (Vaults:2)
  5 draconian scorchers
  9 nagarajas
  6 draconian knights
  4 ghost moths (Zot:5)
  5 draconian stormcallers
  2 orc warlords
  12 vault wardens
  9 draconian shifters
  A caustic shrike zombie (Abyss:3)
  Aizul (Snake:2)
  5 draconian annihilators
  6 deep elf elementalists
  2 spriggan defenders (Depths:3)
  4 ghouls (Crypt:2)
  18 ironbound preservers
  3 curse skulls
  15 very ugly things
  A war gargoyle (Vaults:5)
  7 quicksilver oozes
  8 ironbound thunderhulks
  2 juggernaut skeletons
  11 stone giants
  7 vampire knights
  A reaper (Depths:1)
  3 caustic shrike skeletons (Crypt:3)
  2 lorocyprocas
  20 green draconians
  10 deep elf demonologists
  3 eleionomae
  5 entropy weavers
  9 white draconians
  9 deep elf annihilators
  7 yellow draconians
  11 black draconians
  10 purple draconians
  12 dire elephants
  10 red draconians
  3 spark wasps
  7 bunyips
  8 eidola
  10 deep elf death magi
  11 ettins
  6 jiangshi
  19 great orbs of eyes
  13 yaktaur captains
  2 shambling mangroves (Swamp:2)
  4 deep elf high priests
  5 fire dragons
  A salamander tyrant (Snake:2)
  29 vault guards
  22 hydras
  6 ice dragons
  13 naga warriors
  A quicksilver dragon skeleton (Crypt:2)
  2 rakshasas
  7 boulder beetles
  2 peacekeepers
  12 centaur warriors
  4 spriggan air magi
  5 ogre magi
  3 catoblepae
  4 death knights
  10 anacondas
  6 ghost crabs
  6 spriggan skeletons
  Erica (D:9)
  A fenstrider witch skeleton (Crypt:3)
  11 ironbound frosthearts
  3 alligators
  20 two-headed ogres
  3 deep troll earth magi
  5 death yaks (Lair:6)
  4 tengu warriors
  4 deep troll shamans
  16 dancing weapons
  8 vampire magi
  An orc high priest (Swamp:1)
  9 naga sharpshooters
  The ghost of jjjjhere the Thaumaturge, a journeyman KoCj of Sif Muna (D:9)
  4 shock serpents
  3 spriggan berserkers
  5 thrashing horrors
  A hell knight (Crypt:3)
  18 deep elf knights
  Urug (D:11)
  A storm dragon zombie (Vaults:4)
  A shadow wraith (Crypt:3)
  A sixfirhy (WizLab)
  A titan skeleton (Depths:2)
  6 fire crabs (Lair:3)
  2 salamander mystics
  15 sea snakes
  3 iron trolls
  3 soul eaters
  A storm dragon skeleton (Crypt:2)
  57 skeletal warriors
  5 spriggan druids
  4 swamp dragons
  7 goliath frogs
  A golden dragon zombie (Crypt:2)
  48 deep trolls
  10 bog bodies
  4 shadow demons
  3 flayed ghosts
  2 starcursed masses (Abyss:3)
  2 large abominations
  4 orc knights
  16 deep elf archers
  7 lindwurms
  A golden dragon skeleton (Crypt:2)
  4 spectral hydras (Swamp:4)
  3 glowing orange brains
  A fenstrider witch simulacrum (Crypt:1)
  9 naga ritualists
  6 wizards
  20 ironbound convokers
  A bunyip skeleton (Crypt:2)
  24 deep elf zephyrmancers
  2 harpies (Vaults:2)
  11 phantasmal warriors
  19 mana vipers
  A shadow dragon skeleton (Crypt:3)
  32 deep elf pyromancers
  A sphinx skeleton (Depths:2)
  6 salamanders
  A frost giant zombie (Vaults:4)
  34 ugly things
  7 necromancers
  21 moths of wrath
  6 cyclopes
  A manticore (D:15)
  A faun (shapeshifter) (Vaults:5)
  2 worldbinders
  An orc sorcerer (Orc:2)
  11 shining eyes
  5 will-o-the-wisps
  An apocalypse crab (Lair:3)
  A salamander (shapeshifter) (Depths:4)
  16 elephants
  A rust devil (D:15)
  5 smoke demons
  A water nymph (shapeshifter) (Vaults:5)
  5 eyes of devastation
  6 guardian serpents
  41 black mambas
  A torpor snail (shapeshifter) (Elf:3)
  2 centaur zombies (D:15)
  A human skeleton (Crypt:3)
  3 dire elephant skeletons
  15 naga magi
  22 vault sentinels
  A centaur skeleton (Crypt:2)
  7 gargoyles
  15 cane toads
  2 orange demons
  A demonic crawler (Zot:2)
  A spark wasp simulacrum (Depths:2)
  2 rime drakes
  8 freezing wraiths
  4 kobold demonologists
  An efreet (D:13)
  10 komodo dragons
  2 ice devils
  A yaktaur skeleton (Vaults:4)
  3 tengu conjurers
  An ancient zyme (WizLab)
  3 swamp worm zombies (Swamp:4)
  24 yaktaurs
  An anaconda simulacrum (Crypt:1)
  6 meliai
  A queen bee (D:13)
  2 harpy zombies
  A wolf spider simulacrum (D:15)
  A minotaur skeleton (Crypt:3)
  2 trolls
  A merfolk (D:15)
  4 bloated husks
  5 hydra skeletons
  3 hydra zombies (Swamp:4)
  A polar bear (Lair:6)
  14 hornets
  8 harpy skeletons
  2 raiju
  7 tyrant leeches
  An ice dragon zombie (Crypt:1)
  2 death drake skeletons
  A spectral swamp dragon (Swamp:4)
  19 blink frogs
  50 slime creatures
  A fire dragon zombie (Crypt:2)
  2 wind drakes (shapeshifter)
  5 alligator zombies (Swamp:4)
  A meliai zombie (Crypt:3)
  A stone giant simulacrum (Crypt:1)
  An ettin zombie (Crypt:1)
  3 air elementals
  21 flying skulls
  A shadow (D:10)
  2 centaur simulacra
  An ettin skeleton (Crypt:1)
  10 spriggans
  2 ynoxinuls
  4 wyverns
  8 wraiths
  7 water elementals
  3 vampires
  47 yaks
  A basilisk (shapeshifter) (D:15)
  3 basilisks
  A human (shapeshifter) (D:14)
  3 fire elementals
  15 golden eyes
  11 vampire mosquitoes
  A chaos spawn (D:2)
  3 wargs
  A merfolk zombie (Crypt:2)
  33 nagas
  2 acid dragons
  14 swamp worms
  3 spatial vortices (WizLab)
  3 hell hounds (WizLab)
  Duvessa (D:4)
  14 water moccasins
  A two-headed ogre skeleton (Crypt:3)
  A floating eye (shapeshifter) (Depths:4)
  A floating eye (Slime:3)
  17 orc warriors
  4 swamp drakes
  An ice beast (D:6)
  3 naga skeletons
  3 swamp dragon zombies (Swamp:4)
  2 sky beasts
  5 black bears (Lair:2)
  A necrophage (Crypt:2)
  A merfolk simulacrum (Crypt:1)
  A hornet zombie (D:15)
  A swamp dragon skeleton (Crypt:2)
  29 ogres
  3 boggarts (D:14)
  14 centaurs
  38 wolves
  6 phantoms (Swamp:4)
  A small abomination (Abyss:3)
  Blork the orc (D:6)
  A palentonga zombie (Crypt:2)
  8 bullfrogs
  2 kobold brigands (D:8)
  2 earth elementals
  An elf zombie (Crypt:2)
  A rime drake skeleton (Crypt:3)
  A salamander skeleton (Crypt:1)
  6 scorpions
  A gnoll sergeant (D:6)
  A water moccasin zombie (Crypt:1)
  A wyvern skeleton (D:6)
  A water moccasin skeleton (D:5)
  Dowan (D:4)
  14 killer bees
  5 electric eels
  A vampire bat (Lair:6)
  9 wights (D:7)
  A howler monkey (D:6)
  6 hounds
  7 jellies
  16 orc priests
  A black bear zombie (Crypt:1)
  An iguana (D:5)
  An iron imp (D:7)
  Ijyb (D:5)
  Terence (D:3)
  5 hell rats (Lair:5)
  15 orc wizards
  2 spectral swamp drakes (Swamp:4)
  A deep dwarf skeleton (Crypt:1)
  2 mummies (D:15)
  2 howler monkey zombies
  18 gnolls
  11 adders
  A howler monkey skeleton (D:3)
  A swamp drake zombie (Swamp:4)
  5 river rats
  2 white imps
  5 ufetubi
  An iguana skeleton (Crypt:1)
  A worm (shapeshifter) (Vaults:5)
  3 worms
  3 dart slugs
  80 orcs
  16 ball pythons
  21 bats
  6 endoplasms
  6 giant cockroaches
  10 hobgoblins
  9 jackals
  5 quokkas
  3 training dummies (Snake:3)
  4 frilled lizards
  2 goblins
  A goblin skeleton (Crypt:3)
  A jackal zombie (Crypt:3)
  24 kobolds
  An orc zombie (Crypt:1)
  9 rats
  4 plants (Zot:4)
  2 starspawn tentacles (Abyss:3)
2356 creatures vanquished.

Vanquished Creatures (collateral kills)
  A dread lich (Vaults:5)
  Mennas (Crypt:3)
  A golden dragon (Zot:5)
  A bone dragon (Crypt:3)
  A tentacled monstrosity (Zot:4)
  An Orb Guardian (Zot:5)
  3 ancient champions
  A sphinx (Vaults:2)
  A shadow dragon (Zot:3)
  A tengu reaver (Vaults:3)
  4 storm dragons
  2 iron dragons (Depths:4)
  A frost giant (Depths:3)
  4 vault wardens
  A draconian knight (Zot:2)
  A draconian scorcher (Zot:2)
  A draconian shifter (Depths:4)
  2 ghouls (Crypt:2)
  3 very ugly things
  A juggernaut skeleton (Crypt:2)
  An ironbound preserver (Vaults:4)
  A stone giant (Vaults:5)
  A vampire knight (Depths:3)
  A white draconian (Zot:5)
  2 green draconians
  2 yellow draconians
  An eidolon (Crypt:2)
  A deep elf death mage (Crypt:1)
  3 ettins
  2 fire dragons
  A jiangshi (Crypt:3)
  A great orb of eyes (Depths:4)
  2 yaktaur captains
  2 spriggan skeletons
  2 ice dragons
  A vampire mage (Crypt:2)
  2 hell knights (Crypt:3)
  2 titan skeletons
  21 skeletal warriors
  7 deep trolls
  3 bog bodies (Crypt:2)
  A flayed ghost (Crypt:1)
  A golden dragon skeleton (Crypt:2)
  A fenstrider witch simulacrum (Crypt:2)
  An anaconda skeleton (Crypt:1)
  3 necromancers
  6 phantasmal warriors
  3 harpies (Vaults:2)
  A tengu skeleton (Crypt:2)
  A stone giant zombie (Crypt:2)
  2 ugly things (Depths:1)
  An iron dragon skeleton (Crypt:2)
  3 moths of wrath
  3 vault sentinels
  A draconian skeleton (Crypt:3)
  3 centaur skeletons (Crypt:2)
  An iron troll zombie (Crypt:2)
  A dire elephant skeleton (Crypt:2)
  A yaktaur (Vaults:2)
  A minotaur skeleton (Crypt:2)
  A harpy zombie (Crypt:2)
  3 harpy skeletons (Crypt:2)
  2 slime creatures
  An ettin zombie (Crypt:2)
  5 flying skulls
  2 black mamba zombies
  An ettin skeleton (Crypt:2)
  A golden eye (Slime:4)
  3 naga skeletons
  A swamp dragon skeleton (Crypt:2)
  A jelly (Slime:2)
  A gnoll zombie (Crypt:2)
148 creatures vanquished.

Vanquished Creatures (others)
  An ironbound preserver (Vaults:3)
  A hell knight (Crypt:3)
  2 skeletal warriors
  A meliai (shapeshifter) (Elf:2)
  A flying skull (Crypt:3)
  A swamp dragon zombie (Swamp:4)
  A phantom (Swamp:4)
  386 fire vortices
  14 foxfires
  51 fungi
  160 plants
  7 starspawn tentacles
  6 withered plants (D:15)
632 creatures vanquished.

Grand Total: 3136 creatures vanquished

Notes
Turn   | Place    | Note
-------+----------+-------------------------------------------
     0 | D:1      | Hector the Djinni Cinder Acolyte began the quest for the
                  | Orb.
     0 | D:1      | Reached XP level 1. HP: 20/20 MP: 0/0
   147 | D:1      | Reached XP level 2. HP: 25/25 MP: 0/0
   292 | D:1      | Found a faded altar of an unknown god.
  1014 | D:1      | Reached XP level 3. HP: 24/30 MP: 0/0
  1014 | D:1      | Learned a level 1 spell: Slow
  2083 | D:2      | Found Yfuo's Antique Weapon Shoppe.
  2113 | D:2      | Reached XP level 4. HP: 35/37 MP: 0/0
  2800 | D:3      | You are sucked into a shaft and drop 1 floor!
  2997 | D:3      | Identified the ring of Vesuh {Fly rElec rN++ Will- Str+6
                  | Int+3}
  3075 | D:3      | Reached XP level 5. HP: 39/41 MP: 0/0
  3075 | D:3      | Learned a level 2 spell: Static Discharge
  3101 | D:3      | Reached skill level 4 in Fighting
  3778 | D:3      | Noticed Terence
  3808 | D:3      | Killed Terence
  3809 | D:3      | Reached XP level 6. HP: 25/47 MP: 0/0
  4080 | D:3      | Found a white marble altar of Elyvilon.
  4826 | D:4      | Reached skill level 5 in Spellcasting
  4826 | D:4      | Reached XP level 7. HP: 44/53 MP: 0/0
  4826 | D:4      | Learned a level 3 spell: Stone Arrow
  5235 | D:4      | Found a bloodstained altar of Trog.
  5248 | D:4      | Noticed Dowan
  5460 | D:5      | Entered Level 5 of the Dungeon
  5460 | D:5      | Found a glowing drain.
  5618 | Sewer    | Entered a sewer
  6412 | D:5      | Reached skill level 5 in Fighting
  6526 | D:5      | Reached XP level 8. HP: 45/59 MP: 0/0
  6859 | D:5      | Found a broken altar of Ashenzari.
  7066 | D:5      | Noticed Ijyb
  7070 | D:5      | Killed Ijyb
  7768 | D:5      | Found a broken altar of Ashenzari.
  8137 | D:6      | Reached XP level 9. HP: 57/66 MP: 0/0
  8137 | D:6      | Learned a level 4 spell: Olgreb's Toxic Radiance
  8319 | D:6      | Reached skill level 6 in Fighting
  8391 | D:6      | Noticed Blork the orc
  8395 | D:6      | Killed Blork the orc
  8513 | D:6      | Noticed a deep elf zephyrmancer
  8518 | D:6      | Killed a deep elf zephyrmancer
  9153 | D:7      | Found a staircase to the Ecumenical Temple.
  9307 | D:7      | Noticed a gargoyle
  9310 | D:7      | Killed a gargoyle
  9311 | D:7      | Reached skill level 1 in Dodging
  9433 | D:7      | Reached skill level 1 in Armour
  9460 | D:7      | HP: 2/67 [wight/+2 great sword (19)]
  9473 | D:7      | Reached XP level 10. HP: 33/73 MP: 0/0
  9841 | D:7      | Found a runed translucent door.
  9985 | D:7      | Found a basalt altar of Yredelemnul.
 10140 | D:7      | Found a snail-covered altar of Cheibriados.
 10254 | D:7      | Noticed a gargoyle
 10256 | D:7      | Killed a gargoyle
 10290 | D:7      | Noticed a gargoyle
 10293 | D:7      | Killed a gargoyle
 10336 | D:7      | Noticed a gargoyle
 10339 | D:7      | Killed a gargoyle
 10340 | D:7      | Reached skill level 7 in Fighting
 10421 | D:7      | Noticed a gargoyle
 10422 | D:7      | Killed a gargoyle
 10434 | D:7      | Noticed a gargoyle
 10437 | D:7      | Killed a gargoyle
 10438 | D:7      | Reached skill level 10 in Spellcasting
 11414 | D:4      | Noticed Duvessa
 11420 | D:4      | Killed Dowan
 11421 | D:4      | Killed Duvessa
 11624 | D:4      | Found a bloodstained altar of Trog.
 12696 | D:9      | Noticed jjjjhere's ghost (journeyman KoCj)
 12696 | D:9      | Found a runed translucent gate.
 12696 | D:9      | Found a runed translucent gate.
 12696 | D:9      | Found a runed translucent gate.
 12772 | D:9      | Reached XP level 11. HP: 48/79 MP: 0/0
 12772 | D:9      | Learned a level 5 spell: Irradiate
 12920 | D:9      | Identified the +2 robe "Otinazej" {Contam rElec rC++ rN+}
 13000 | D:9      | Noticed Erica
 13037 | D:9      | Killed Erica
 13631 | D:9      | Found a viscous altar of Jiyva.
 13644 | D:10     | Entered Level 10 of the Dungeon
 13649 | D:10     | Noticed Gastronok
 13656 | D:10     | Killed Gastronok
 13657 | D:10     | Reached skill level 8 in Fighting
 13874 | D:10     | Reached skill level 5 in Dodging
 14058 | D:10     | Identified the ring "Ijaphaeb" {rPois Str+2 Dex+2}
 14321 | D:10     | Found a staircase to the Lair.
 14444 | D:10     | Found a glowing silver altar of Zin.
 14584 | Lair:1   | Entered Level 1 of the Lair of Beasts
 14681 | Lair:1   | Noticed a spriggan rider
 14682 | Lair:1   | Reached XP level 12. HP: 59/88 MP: 0/0
 15398 | Lair:2   | Reached skill level 9 in Fighting
 15428 | Lair:2   | Noticed a catoblepas
 15522 | Lair:2   | Noticed a catoblepas
 15547 | Lair:2   | Killed a catoblepas
 15791 | Lair:2   | Noticed a five-headed hydra
 15800 | Lair:2   | Killed a five-headed hydra
 16183 | Lair:2   | Killed a catoblepas
 16269 | Lair:2   | Reached XP level 13. HP: 88/94 MP: 0/0
 16269 | Lair:2   | Learned a level 5 spell: Borgnjor's Vile Clutch
 16505 | Lair:3   | Noticed an eight-headed hydra
 16505 | Lair:3   | Found a staircase to the Snake Pit.
 16581 | Lair:3   | Noticed a four-headed hydra
 16586 | Lair:3   | Killed a four-headed hydra
 16890 | Lair:3   | Noticed a four-headed hydra
 16902 | Lair:3   | Killed a four-headed hydra
 16997 | Lair:3   | Killed an eight-headed hydra
 16998 | Lair:3   | Reached skill level 10 in Fighting
 17188 | Lair:3   | Found a runed translucent door.
 17360 | Lair:3   | Found a staircase to the Swamp.
 17737 | Lair:3   | Noticed an entropy weaver
 17742 | Lair:3   | Killed an entropy weaver
 17798 | Lair:3   | Reached XP level 14. HP: 86/103 MP: 0/0
 17823 | Lair:3   | Noticed an entropy weaver
 17829 | Lair:3   | Killed an entropy weaver
 17886 | Lair:3   | Reached skill level 15 in Spellcasting
 18033 | Lair:3   | Noticed an entropy weaver
 18037 | Lair:3   | Killed an entropy weaver
 18689 | Lair:4   | Found a sacrificial altar of Ru.
 19059 | Lair:5   | Reached skill level 11 in Fighting
 19448 | Lair:5   | Found a runed translucent door.
 19449 | Lair:5   | Found a viscous altar of Jiyva.
 19450 | Lair:5   | Found a staircase to the Slime Pits.
 19548 | Lair:5   | Identified the +0 cloak of the Journeyman {rPois rF+ rC+++
                  | rN+}
 20064 | Lair:6   | Entered Level 6 of the Lair of Beasts
 20262 | Lair:6   | Noticed Rupert
 20263 | Lair:6   | Paralysed by Rupert for 2 turns
 20273 | Lair:6   | Killed Rupert
 20473 | Lair:6   | Reached XP level 15. HP: 101/111 MP: 0/0
 20473 | Lair:6   | Learned a level 6 spell: Dispersal
 21471 | Lair:6   | Reached skill level 12 in Fighting
 22333 | D:11     | Noticed Urug
 22336 | D:11     | Killed Urug
 22951 | D:12     | Found a staircase to the Orcish Mines.
 23508 | Orc:1    | Entered Level 1 of the Orcish Mines
 24101 | Orc:2    | Entered Level 2 of the Orcish Mines
 24183 | Orc:2    | Reached XP level 16. HP: 54/120 MP: 0/0
 24443 | Orc:2    | Found a staircase to the Elven Halls.
 24696 | Orc:2    | Found Hizac's Antique Weapon Shop.
 24696 | Orc:2    | Found Nipsam's Weapon Shoppe.
 24697 | Orc:2    | Found Fiedapal's Assorted Antiques.
 24697 | Orc:2    | Found Xegras's Assorted Antiques.
 25036 | Orc:2    | Bought a glowing troll leather armour for 720 gold pieces
 25036 | Orc:2    | Bought a crystal falchion for 320 gold pieces
 25036 | Orc:2    | Identified the +6 falchion "Faoxup" {freeze, rC+ Will-
                  | Int+3 SInv} (You bought it in a shop on level 2 of the
                  | Orcish Mines)
 25532 | D:13     | Found a gate to the Vaults.
 25613 | D:13     | Reached skill level 1 in Shields
 25623 | D:13     | Reached skill level 1 in Long Blades
 26153 | D:14     | Reached skill level 13 in Fighting
 26469 | D:14     | Identified the +2 chain mail of the Louse {Contam rElec rF+
                  | Str+4 Int+4}
 26512 | D:14     | Found Xauhamaj's Blood Bar.
 27047 | D:15     | Entered Level 15 of the Dungeon
 27331 | D:15     | Reached XP level 17. HP: 119/127 MP: 0/0
 27331 | D:15     | Learned a level 6 spell: Starburst
 27534 | D:15     | Found a staircase to the Depths.
 27986 | Swamp:1  | Entered Level 1 of the Swamp
 28300 | Swamp:1  | Noticed a tentacled monstrosity
 28313 | Swamp:1  | Killed a tentacled monstrosity
 28816 | Swamp:2  | Identified the +4 quarterstaff of the Shoals {vorpal,
                  | *Corrode MP+9 Int+7 Stlth-}
 29809 | Swamp:3  | Identified the +6 plate armour "Sienooch" {Drain +Blink
                  | Will+ Dex+3}
 29843 | Swamp:3  | Identified the +1 leather armour "Esolaicw" {Int+2 Dex+7}
 30241 | Swamp:4  | Entered Level 4 of the Swamp
 30497 | Swamp:4  | Reached XP level 18. HP: 131/134 MP: 0/0
 30646 | Swamp:4  | Reached skill level 10 in Dodging
 30912 | Swamp:4  | Noticed Donald
 30918 | Swamp:4  | Killed Donald
 31197 | Swamp:4  | Reached skill level 5 in Long Blades
 31517 | Swamp:4  | Noticed a bone dragon
 31530 | Swamp:4  | Killed a bone dragon
 31531 | Swamp:4  | Reached skill level 14 in Fighting
 31601 | Swamp:4  | Got a decaying rune of Zot
 31876 | Snake:1  | Entered Level 1 of the Snake Pit
 32419 | Snake:1  | Identified the +1 robe of Nemelex Xobeh's Esteem {rElec
                  | Dex+6}
 33233 | Snake:2  | Reached skill level 5 in Shields
 33280 | Snake:2  | Identified the +1 robe "Forget-Me-Not" {Harm Rampage rPois
                  | rF+}
 33625 | Snake:2  | Found Noqed's Assorted Antiques.
 33625 | Snake:2  | Found Fuamped's Jewellery Emporium.
 33626 | Snake:2  | Found Ussipp's Antique Weapon Emporium.
 33630 | Snake:2  | Found Healeoxt's Magic Scroll Shoppe.
 33886 | Snake:2  | Reached XP level 19. HP: 141/141 MP: 0/0
 33886 | Snake:2  | Learned a level 6 spell: Statue Form
 34233 | Snake:2  | Noticed Aizul
 34237 | Snake:2  | Killed Aizul
 34585 | Snake:3  | Noticed Mlioglotl
 34588 | Snake:3  | Killed Mlioglotl
 35256 | Snake:3  | Found Jojato's Firing Range.
 35507 | Snake:4  | Entered Level 4 of the Snake Pit
 35869 | Snake:4  | Found a large runed translucent door.
 35869 | Snake:4  | Found a large runed translucent door.
 35870 | Snake:4  | Noticed Whoops's ghost (adept GrFi)
 36715 | Snake:4  | Reached XP level 20. HP: 144/148 MP: 0/0
 36738 | Snake:4  | Got a serpentine rune of Zot
 36999 | Snake:4  | Killed Whoops's ghost
 37000 | Snake:4  | Reached skill level 15 in Fighting
 37401 | Elf:1    | Entered Level 1 of the Elven Halls
 37545 | Elf:1    | Found a magical portal.
 37554 | WizLab   | Entered The Roulette of Golubria
 37554 | WizLab   | Found a transporter.
 37557 | WizLab   | Found the +2 ratskin cloak {*Rats rPois rN+ Str-1 Int-1
                  | Dex+1}
 37557 | WizLab   | Found a corrupted altar of Lugonu.
 37600 | WizLab   | Found a transporter.
 37600 | WizLab   | Found a transporter.
 37623 | WizLab   | Found a transporter.
 37656 | WizLab   | Found a transporter.
 37661 | WizLab   | Found a corrupted altar of Lugonu.
 37688 | WizLab   | Found a transporter.
 37736 | WizLab   | Found a transporter.
 37737 | WizLab   | Found a corrupted altar of Lugonu.
 37782 | WizLab   | Found a transporter.
 37820 | WizLab   | Found a transporter.
 37837 | WizLab   | Found a transporter.
 38009 | WizLab   | Found a transporter.
 38068 | WizLab   | Found a transporter.
 38068 | WizLab   | Found a transporter.
 38107 | WizLab   | Found a transporter.
 38107 | WizLab   | Found a transporter.
 38155 | WizLab   | Identified the +2 cloak "Xeak Qys" {*Corrode Fly Dex+7
                  | Stlth+}
 38520 | Elf:1    | Noticed Nikola
 38526 | Elf:1    | Killed Nikola
 38644 | Elf:1    | Paralysed by an air elemental for 1 turns
 39136 | Elf:1    | Found a runed translucent gate.
 39136 | Elf:1    | Found a runed translucent gate.
 39136 | Elf:1    | Found a runed translucent gate.
 39138 | Elf:1    | Noticed Miona's ghost (adept HuVM)
 39343 | Elf:1    | Killed Miona's ghost
 39652 | Elf:2    | Found a runed translucent gate.
 39653 | Elf:2    | Found a runed translucent gate.
 39653 | Elf:2    | Found a runed translucent gate.
 39837 | Elf:2    | Paralysed by an air elemental for 1 turns
 39988 | Elf:2    | Reached skill level 16 in Fighting
 40039 | Elf:2    | Found Iloxtin's Jewellery Shoppe.
 40060 | Elf:2    | Reached XP level 21. HP: 133/157 MP: 0/0
 40060 | Elf:2    | Learned a level 7 spell: Ozocubu's Refrigeration
 40106 | Elf:2    | Found Hyniha Acil's One-of-a-Kind Books.
 40799 | Elf:3    | Entered Level 3 of the Elven Halls
 40829 | Elf:3    | Found Bewo's Assorted Antiques.
 40829 | Elf:3    | Found a gateway to a bazaar.
 41071 | Elf:3    | Found Ludeirch's Antique Weapon Boutique.
 41210 | Elf:3    | Found Luduw's Assorted Antiques.
 41322 | Elf:3    | Found Pizel's Distillery.
 41845 | Elf:3    | Reached skill level 10 in Shields
 41997 | Elf:3    | Reached skill level 17 in Fighting
 42157 | Elf:3    | Identified the ring of Wixiun {rC+ Dex+2}
 42218 | Elf:3    | Identified the +12 broad axe of the Coin {holy, Str+3}
 42239 | Elf:3    | Identified the +0 ring mail "Qoiter" {rF+ Dex+3}
 42261 | Elf:3    | Identified the +9 long sword of Valour {spect, rF+ Stlth+}
 42268 | Elf:3    | Identified the ring "Sats" {rElec Str+5 Int+6 Dex-5}
 42283 | Elf:3    | Identified the +5 hand crossbow "Todueg" {vorpal, rF+ rC-
                  | Will++ Str+3}
 42293 | Elf:3    | Identified the amulet "Gyupirr" {Spirit Dex+8}
 42880 | D:9      | Killed jjjjhere's ghost
 43213 | Vaults:1 | Entered Level 1 of the Vaults
 43565 | Vaults:1 | Found a runed translucent gate.
 43566 | Vaults:1 | Found a runed translucent gate.
 43567 | Vaults:1 | Found a runed translucent gate.
 43568 | Vaults:1 | Noticed Meckuph's ghost (adept OgWr)
 43686 | Vaults:1 | Reached skill level 18 in Fighting
 43686 | Vaults:1 | Reached XP level 22. HP: 163/169 MP: 0/0
 44477 | Vaults:1 | Found Math's Assorted Antiques.
 44809 | Vaults:1 | Killed Meckuph's ghost
 44818 | Vaults:1 | Identified the ring "Ronucuas" {rF+ EV+4 Dex+5}
 45194 | Vaults:1 | Found Math's Assorted Antiques.
 45868 | Vaults:2 | Reached skill level 19 in Fighting
 46435 | Vaults:2 | You are sucked into a shaft and drop 2 floors!
 46654 | Vaults:4 | Reached XP level 23. HP: 168/178 MP: 0/0
 46654 | Vaults:4 | Learned a level 7 spell: Spellforged Servitor
 46727 | Vaults:4 | Reached skill level 15 in Shields
 47594 | Vaults:3 | Reached skill level 20 in Fighting
 47724 | Vaults:3 | Found a staircase to the Crypt.
 48227 | Vaults:3 | Found Cerodag's Assorted Antiques.
 48235 | Vaults:3 | Bought a scroll labelled DYEDGH KUSSAKK for 49 gold pieces
 48235 | Vaults:3 | Acquired a manual of Fighting
 48300 | Vaults:3 | Reached skill level 1 in Stealth
 49419 | Vaults:4 | Identified the +0 hand axe "Zuodghaul" {vorpal, +Blink}
 49937 | Bazaar   | Entered a bazaar
 49969 | Bazaar   | Found Sietym's Antique Weapon Shoppe.
 50057 | Bazaar   | Found Godghuv's Book Emporium.
 50358 | Depths:1 | Entered Level 1 of the Depths
 50710 | Depths:1 | Found a one-way gate to the infinite horrors of the Abyss.
 50885 | Depths:1 | Found a gateway to Hell.
 50890 | Depths:1 | Identified the +5 demon trident of the Empty Page {distort,
                  | *Corrode rPois Will++ SInv}
 51275 | Depths:1 | Reached skill level 21 in Fighting
 51616 | Depths:2 | Reached XP level 24. HP: 177/191 MP: 0/0
 51621 | Depths:2 | Found a one-way gate leading to the halls of Pandemonium.
 51630 | Depths:2 | Cast into level 2 of the Abyss (a wizard)
 51986 | Depths:2 | Escaped the Abyss
 52177 | Depths:2 | Reached skill level 5 in Stealth
 52455 | Depths:2 | Found an opulent altar of Gozag.
 52970 | Depths:3 | Found a one-way gateway to a ziggurat.
 53249 | Depths:3 | Noticed a golden dragon
 53256 | Depths:3 | Killed a golden dragon
 53609 | Depths:3 | Noticed a caustic shrike
 53615 | Depths:3 | Killed a caustic shrike
 53681 | Depths:3 | Identified the +0 pair of boots of the Loofah {rC++ Will-}
 53683 | Depths:3 | Identified the +1 leather armour "Wekhaxt" {rElec}
 53686 | Depths:3 | Noticed a caustic shrike
 53700 | Depths:3 | Killed a caustic shrike
 53820 | Depths:3 | Identified the +9 great sword "Pinel" {vorpal, rF- rN++}
 54235 | Depths:4 | Entered Level 4 of the Depths
 54327 | Depths:4 | Noticed a caustic shrike
 54329 | Depths:4 | Noticed a caustic shrike
 54330 | Depths:4 | Noticed a caustic shrike
 54336 | Depths:4 | Killed a caustic shrike
 54340 | Depths:4 | Killed a caustic shrike
 54340 | Depths:4 | Killed a caustic shrike
 54408 | Depths:4 | Found a flickering gateway to a bazaar.
 54422 | Bazaar   | Entered a bazaar
 54434 | Bazaar   | Found Musmiobb's General Store.
 54455 | Bazaar   | Found Jediokh's Antique Armour Shop.
 54465 | Bazaar   | Found Tischa's General Store.
 54471 | Bazaar   | Found Jieffilahi's Jewellery Shoppe.
 54476 | Bazaar   | Found Gojyk's Distillery.
 54486 | Bazaar   | Bought a potion of might for 68 gold pieces
 54486 | Bazaar   | Bought a potion of curing for 51 gold pieces
 54486 | Bazaar   | Bought a potion of brilliance for 68 gold pieces
 54486 | Bazaar   | Bought a potion of brilliance for 68 gold pieces
 54486 | Bazaar   | Bought a potion of heal wounds for 85 gold pieces
 54497 | Bazaar   | Bought a potion of heal wounds for 80 gold pieces
 54507 | Bazaar   | Bought a crude scale mail for 243 gold pieces
 54507 | Bazaar   | Identified the +1 scale mail of the Original Sin {-Tele rN+
                  | MP+9} (You bought it in a shop in a bazaar)
 54525 | Bazaar   | Bought a potion of invisibility for 104 gold pieces
 54525 | Bazaar   | Bought a scroll of summoning for 123 gold pieces
 54553 | Bazaar   | Bought a ring of see invisible for 165 gold pieces
 54568 | Bazaar   | Bought a glowing helmet for 202 gold pieces
 54900 | Depths:4 | Identified the +8 trident "Saabiril" {vorpal, rCorr Str+4}
 55307 | Depths:4 | Reached XP level 25. HP: 178/196 MP: 0/0
 55307 | Depths:4 | Learned a level 8 spell: Discord
 55355 | Depths:4 | Found a gate to the Realm of Zot.
 56080 | Crypt:1  | Entered Level 1 of the Crypt
 56117 | Crypt:1  | HP: 7/198 [jiangshi[a curse skull] (12)]
 56297 | Crypt:1  | Reached skill level 22 in Fighting
 57273 | Crypt:2  | Identified the ring "Cemes" {rPois rCorr Dex+4}
 58203 | Crypt:3  | Entered Level 3 of the Crypt
 58216 | Crypt:3  | Reached XP level 26. HP: 143/207 MP: 0/0
 58420 | Crypt:3  | Noticed Mennas
 58436 | Crypt:3  | Killed Mennas
 58740 | Crypt:3  | Found a basalt altar of Yredelemnul.
 58803 | Crypt:3  | Reached skill level 23 in Fighting
 59130 | Crypt:3  | Found a staircase to the Tomb.
 59184 | Crypt:3  | Noticed Margery
 59190 | Crypt:3  | Killed Margery
 59840 | Crypt:3  | Noticed Jory
 59840 | Crypt:3  | Noticed a dread lich
 59853 | Crypt:3  | Killed a dread lich
 59857 | Crypt:3  | Killed Jory
 59905 | Crypt:3  | Identified the ring of the Briny Deep {rPois rC++ rN+
                  | Str+3}
 59905 | Crypt:3  | Identified the ring of Fearot {rN+ Dex+4}
 59915 | Crypt:3  | Identified the +8 short sword of Xaliobbu {vorpal, rN+++
                  | Str+6}
 59926 | Crypt:3  | Identified the +10 plate armour of Poor Excuses {rElec rF+
                  | SInv}
 60636 | Vaults:5 | Entered Level 5 of the Vaults
 60665 | Vaults:5 | Noticed Mara
 60669 | Vaults:5 | Killed Mara
 60670 | Vaults:5 | Reached skill level 24 in Fighting
 60683 | Vaults:5 | Reached XP level 27. HP: 196/218 MP: 0/0
 60683 | Vaults:5 | Learned a level 9 spell: Fire Storm
 60715 | Vaults:5 | Noticed an ancient lich
 60718 | Vaults:5 | Killed an ancient lich
 60772 | Vaults:5 | Noticed a dread lich
 60775 | Vaults:5 | Killed a dread lich
 61133 | Vaults:5 | Identified the ring "Wufyufum" {EV+4 Int+2 Stlth+}
 61164 | Vaults:5 | Identified the ring "Ediel" {rN+ Str+4 Stlth+}
 61179 | Vaults:5 | Identified the +1 ring mail "Owagec" {rElec}
 61180 | Vaults:5 | Identified the +3 whip "Pomian Nuy" {vorpal, rC++ Int+5
                  | Dex+3}
 61421 | Vaults:5 | Found the +2 hat of the Bear Spirit {Spirit, *Rage Will++}
 61583 | Vaults:5 | Noticed a dread lich
 61586 | Vaults:5 | Killed a dread lich
 61901 | Vaults:5 | Identified the +6 mace of the Thieving Visionary {vamp,
                  | Str+2} (You took it off a deep elf demonologist on level 5
                  | of the Vaults)
 61926 | Vaults:5 | Found the ring of the Octopus King
 62040 | Vaults:5 | Got a silver rune of Zot
 62119 | Vaults:5 | Identified a ring of the Octopus King {Wiz AC+1 EV+1 Str+1
                  | Int+1 Dex+1} (You took it off a deep elf demonologist on
                  | level 5 of the Vaults)
 63767 | Orc:2    | Bought a potion of might for 116 gold pieces
 63767 | Orc:2    | Bought a scroll of blinking for 217 gold pieces
 63767 | Orc:2    | Bought a scroll of teleportation for 87 gold pieces
 63911 | Elf:3    | Bought a potion of mutation for 88 gold pieces
 63911 | Elf:3    | Bought a potion of resistance for 110 gold pieces
 64342 | Snake:2  | Bought a scroll of blinking for 112 gold pieces
 64342 | Snake:2  | Bought a scroll of fear for 52 gold pieces
 64571 | Slime:1  | Entered Level 1 of the Pits of Slime
 64956 | Slime:3  | You are sucked into a shaft and drop 1 floor!
 65148 | Slime:5  | Entered Level 5 of the Pits of Slime
 65171 | Slime:5  | Noticed the Royal Jelly
 65174 | Slime:5  | Killed the Royal Jelly
 65635 | Slime:5  | Identified the +8 mace of Dulum {spect, rPois Int+3}
 65682 | Slime:5  | Got a slimy rune of Zot
 66369 | Zot:1    | Entered Level 1 of the Realm of Zot
 66369 | Zot:1    | Noticed a dread lich
 66372 | Zot:1    | Noticed a Killer Klown
 66377 | Zot:1    | Killed a dread lich
 66377 | Zot:1    | Noticed a Killer Klown
 66377 | Zot:1    | Noticed a Killer Klown
 66379 | Zot:1    | Killed a Killer Klown
 66381 | Zot:1    | Killed a Killer Klown
 66382 | Zot:1    | Killed a Killer Klown
 66762 | Zot:1    | Found a shimmering altar of Xom.
 67346 | Zot:2    | Reached skill level 25 in Fighting
 67820 | D:10     | Acquired 663 gold pieces
 67822 | D:10     | Acquired a manual of Dodging
 68321 | Zot:2    | Identified the +9 plate armour of Autotheism {rF+ Dex+3}
 68543 | Zot:3    | Identified the +3 whip of the Foremost Ears {pain, Str+4}
 69440 | Zot:4    | Noticed a Killer Klown
 69442 | Zot:4    | Killed a Killer Klown
 69443 | Zot:4    | Reached skill level 10 in Long Blades
 70247 | Zot:5    | Entered Level 5 of the Realm of Zot
 70385 | Zot:5    | Reached skill level 15 in Dodging
 70689 | Zot:5    | Noticed an orb of fire
 70689 | Zot:5    | Noticed an orb of fire
 70690 | Zot:5    | Noticed an orb of fire
 70691 | Zot:5    | Noticed an orb of fire
 70691 | Zot:5    | Noticed an orb of fire
 70694 | Zot:5    | Killed an orb of fire
 70694 | Zot:5    | Noticed an orb of fire
 70695 | Zot:5    | Killed an orb of fire
 70696 | Zot:5    | Reached skill level 26 in Fighting
 70697 | Zot:5    | Noticed an orb of fire
 70698 | Zot:5    | Killed an orb of fire
 70698 | Zot:5    | Killed an orb of fire
 70699 | Zot:5    | Killed an orb of fire
 70701 | Zot:5    | Killed an orb of fire
 70701 | Zot:5    | Noticed a Killer Klown
 70892 | Zot:5    | Noticed an orb of fire
 70897 | Zot:5    | Killed an orb of fire
 70910 | Zot:5    | Noticed a Killer Klown
 70912 | Zot:5    | Killed a Killer Klown
 70936 | Zot:5    | Noticed an orb of fire
 70942 | Zot:5    | Killed an orb of fire
 70946 | Zot:5    | Noticed an orb of fire
 70947 | Zot:5    | Gained mutation: You are weak. (Str -2) [an orb of fire]
 70951 | Zot:5    | Killed an orb of fire
 70960 | Zot:5    | Noticed a Killer Klown
 70963 | Zot:5    | Killed a Killer Klown
 70965 | Zot:5    | Killed an orb of fire
 71041 | Zot:5    | Noticed an orb of fire
 71052 | Zot:5    | Killed an orb of fire
 71059 | Zot:5    | Killed a Killer Klown
 71757 | Zot:5    | Noticed a dread lich
 71758 | Zot:5    | Reached skill level 27 in Fighting
 71772 | Zot:5    | Killed a dread lich
 72259 | Zot:5    | Got the Orb of Zot
 72816 | D:1      | Woot! Final Deity.
 72817 | D:$      | Escaped with the Orb!

Illustrated notes

........# #......#........###
........# #...#..#.##.#.#.#
.[......###########..#..#.#.#.#
........##...........#..#.#.#.###
........##.#######..>#^.......#..
........##.#.....#.###........#..
††.........#.........#........#..
#.####.....#...#####.##.......#..
#.# #.....#...#@..#.#...........
#.# #.....#.....#.#.#........###
#.####.....#.#####.#.#...........
...........#.#.....#.#.......####
#.####.....#..>#...#.#.......#
#.# #.....#####...#...####### #.#
#.............#...######## #.#
#.......#.....#.#........# ..#
#....#..#######..#######.#


Turn 72816 on D:1: Woot! Final Deity.

Levels and vault maps discovered:
D:1:      ebering_trefoil_twist, layout_basic, ebering_ecumenical_altar_mist
D:2:      layout_loops_ring, serial_shops, shop, grunt_ministairs_9, nrook_uturn
D:3:      layout_rooms, mainiacjoe_overflow_surrounded_room, minivault_23,
          uniq_terence
D:4:      layout_cave_pools, mainiacjoe_overflow_chevrons, sigmund_army,
          uniq_duvessa
D:5:      layout_cave_pools, mainiacjoe_overflow_alcove_2, portal_sewer_entry_a,
          st_stairs_14, uniq_ijyb
D:6:      layout_loops_cross, roderic_serpentine_path,
          guppyfry_early_elven_hall, uniq_blork_the_orc
D:7:      cheibrodos_statue_roulette, layout_loops_ring, slow_altar_1,
          lemuel_round_altar, minmay_temple_entry_offerings,
          hangedman_decor_riveting, lightli_church_of_beogh
D:8:      layout_loops_ring, chequers_serial_rivers_small_3
D:9:      layout_basic, gammafunk_ghost_ooze, serial_curves, eino_curves_02,
          eino_curves_03, evilmike_butchery, uniq_erica
D:10:     layout_cave_pools, mainiacjoe_overflow_24_doors, fiery_altar_vehumet,
          lair_entry_dummy, kb_lookout_dungeons_type, uniq_gastronok
D:11:     layout_roguey, uniq_urug
D:12:     layout_basic, erik_orc_1
D:13:     layout_roguey, david_vaults_2, special_room [special_room_bee],
          nicolae_kikubaaqudgha_miasma_corner
D:14:     layout_loops_ring, grunt_decor_resistance, guppyfry_shop_blood
D:15:     hangedman_depths_entry_try_elsewhere_first, layout_cave_pools,
          chequers_arboretum, serial_undead, serial_undead_c, serial_undead_e,
          serial_undead_b, serial_undead_d
Lair:1:   layout_long_grid, serial_bayou_pond_d, grunt_forest_large_clearings
Lair:2:   layout_regular_city, beast_lair_carwin_9
Lair:3:   gammafunk_mikee_crab_dinner, layout_chaotic_city,
          nicolae_swamp_entry_splash_gauntlet, dummy_snake_entry, minivault_11,
          infiniplex_staircase_pool, grunt_megastairs_3
Lair:4:   layout_regular_city, basic_altar, grunt_megastairs_1,
          lemuel_fruit_fields, serial_bayou_shore_b
Lair:5:   layout_loops_ring, slime_altar_2
Lair:6:   grunt_lair_end_beastmaster, layout_cave_pods, roderic_batcave,
          minivault_24, uniq_rupert
Swamp:1:  layout_basic_swamp, nicolae_swamp_fairy_circle,
          statue_in_the_mist_lemuel, swamp_pool1, grunt_hermit_hut
Swamp:2:  layout_basic_swamp, serial_swamp_ruin, evilmike_swamp_ruin_rubble_2,
          hangedman_swamp_ruin_wall, swamp_pool1
Swamp:3:  layout_basic_swamp, evilmike_swamp_ruin_house_1
Swamp:4:  swamp_pestilence, layout_basic_swamp, swamp_pool2, uniq_donald
Snake:1:  layout_chambers, drop_trap
Snake:2:  layout_gridlike, serial_bayou, serial_bayou_ford_a,
          serial_bayou_lagoon_a, serial_bayou_pond_b, serial_bayou_shore_a,
          serial_bayou_pond_d, serial_bayou_pond_e, grunt_megastairs_4,
          minmay_shoptagon, uniq_aizul
Snake:3:  layout_rooms, nicolae_shop_firing_range, lemuel_fruit_tree,
          uniq_mlioglotl
Snake:4:  grunt_snake_rune_pools, layout_basic, ebering_ghost_disaster_area,
          serial_bayou_pond_e
Slime:1:  layout_caves
Slime:2:  nicolae_slime_jelly_donut, layout_caves
Slime:3:  layout_caves
Slime:4:  layout_caves
Slime:5
Orc:1:    layout_caves, basic_altar
Orc:2:    st_orc_ogre_mass, layout_caves
Elf:1:    eino_elf_arrival_customs, layout_gridlike, mu_enter_wizlab_4,
          ebering_ghost_rock_garden, hangedman_corner_corridor, uniq_nikola
Elf:2:    nicolae_elf_blades_crystal_corner, layout_loops_corners, serial_shops,
          nicolae_diamond_shop, nicolae_rare_books, minivault_20, uniq_jorgrun
Elf:3:    elf_hall, layout_onion_city, serial_shops, bzr_entry_gold, shop, shop,
          nicolae_shop_waterfront, shop
Vaults:1: gammafunk_ghost_spectres, hangedman_vaults_corner,
          grunt_vaults_twisty, v_rooms_2, nicolae_vaults_arrows,
          nicolae_vaults_rhombus_6, vaults_room_grid, hangedman_vaults_pinch,
          vaults_dpeg_encased_lava, grunt_vaults_funnel, vaults_dpeg_hooks,
          layout_vaults_omnibox, serial_shops, shop
Vaults:2: v_pattern_1, vaults_room_door_ring, nicolae_vaults_network_barrier,
          nicolae_vaults_c_with_doors, v_misc_13, v_misc_25,
          hangedman_vaults_corner_blocks, nicolae_vaults_angled_halls,
          nicolae_vaults_border_crossing, vaults_mumra_lcd,
          nicolae_vaults_little_squares_3, ontoclasm_vaults_ring_small,
          layout_vaults_maze_bifur
Vaults:3: minmay_crypt_entry_simple_round, v_misc_4,
          nicolae_vaults_diagonal_hallway_8, nicolae_vaults_little_squares_2,
          nicolae_vaults_asterisk, v_pattern_3, vaults_room_door_ring,
          nicolae_vaults_little_squares_2, nicolae_vaults_specimen_jars,
          ontoclasm_vaults_twist, vaults_room_corners, st_more_cells,
          layout_vaults_omnicross, serial_shops, shop
Vaults:4: vaults_room_fours, v_misc_14, nicolae_vaults_triangles,
          ontoclasm_vaults_misaligned, vaults_room_semicircle,
          vaults_room_ringed_pool, nicolae_vaults_mini_display_case,
          layout_vaults_omnigrid
Vaults:5: uniq_mara
Crypt:1:  layout_misc_corridors, nicolae_crypt_small_crypt,
          palyth_stone_intersect
Crypt:2:  minmay_skeleton_keep, layout_chaotic_city
Crypt:3:  church_of_pain_bobbens, layout_chaotic_city, serial_glass,
          glass_columns_b, glass_columns_a, uniq_mennas, uniq_jory, uniq_margery
Depths:1: layout_twisted_cross, hellmouth_1, abyss_entry,
          nrook_kobold_shadow_demons, serial_bayou_shore_b, grunt_megastairs_2
Depths:2: nicolae_cairo_tiling_very_big, layout_gridlike,
          rand_demon_pan_entry_3, grunt_gozag_statues, hell_entry,
          kennysheep_generic_room_12
Depths:3: minmay_the_grid_octo_tiled_octocenter [minmay_the_grid_octo_77,
          minmay_the_grid_octo_vomiting_pacman, minmay_the_grid_octo_toaster,
          minmay_the_grid_octo_chip, minmay_the_grid_octo_prize_single_spiral,
          minmay_the_grid_square_5x5_shuriken,
          minmay_the_grid_square_5x5_corner, minmay_the_grid_square_5x5_bite,
          minmay_the_grid_square_5x5_three_walls], layout_honeycomb,
          enter_ziggurat_a, hex_tiny, hell_entry, abyss_entry_glasseish,
          serial_bayou_shore_b, minmay_staircase_bubble, serial_bayou_shore_b
Depths:4: evilmike_zot_entry_hall, layout_cave_shapes, abyss_entry_crystal,
          serial_shops, bzr_entry_lakeside, hell_entry,
          hangedman_decor_slide_cut, kennysheep_kite_vault
Zot:1:    ebering_klown_carousel, layout_basic, basic_altar, st_stairs_3
Zot:2:    layout_onion
Zot:3:    layout_twisted_circle, st_single_dragon_hoard_2, skrybe_zot_glass_1
Zot:4:    layout_cellular_growth, grunt_ministairs_8, nicolae_zot_crop_circle
Zot:5:    layout_misc_corridors

Skill      XL: |  1  2  3  4  5  6  7  8  9 10 11 12 13 14 15 16 17 18 19 20 21 22 23 24 25 26 27 |
---------------+----------------------------------------------------------------------------------+-----
Spellcasting   | 3 4 5 6 7 9 10 11 13 14 16 17 18 19 20 21 22 23 24 26 | 26.0
Fighting       | 4 5 6 7 8 9 10 11 12 13 14 16 18 19 21 22 24 27 | 27.0
Dodging        | 1 3 5 7 8 9 10 11 12 16 | 16.0
Armour         | 1 3 4 |  4.0
Shields        | 2 4 5 6 9 12 14 15 16 18 23 | 23.5
Long Blades    | 2 4 5 6 7 8 10 | 10.0
Stealth        | 4 7 8 |  8.0
Polearms       | |  2.4

Action                   |  1- 3 |  4- 6 |  7- 9 | 10-12 | 13-15 | 16-18 | 19-21 | 22-24 | 25-27 || total
-------------------------+-------+-------+-------+-------+-------+-------+-------+-------+-------++-------
Melee: Mace              |    11 |     3 |       |    11 |     2 |       |       |       |       ||    27
       Staff             |       |       |       |       |       |     2 |     1 |     1 |       ||     4
       Falchion          |       |       |       |       |       |       |     4 |       |       ||     4
       Long sword        |       |       |       |       |       |       |       |       |    36 ||    36
 Cast: Scorch            |    35 |    85 |    80 |    13 |     1 |     2 |       |       |     1 ||   217
       Slow              |       |     5 |     2 |     2 |       |       |       |       |       ||     9
       Static Discharge  |       |     4 |     7 |     9 |     3 |       |     4 |       |       ||    27
       Stone Arrow       |       |       |    54 |   141 |   153 |   170 |   157 |   133 |   157 ||   965
       Olgreb's Toxic Ra |       |       |    10 |    76 |   116 |    95 |    20 |    24 |     8 ||   349
       Irradiate         |       |       |       |    13 |    26 |    44 |    59 |    30 |    20 ||   192
       Borgnjor's Vile C |       |       |       |       |   186 |   294 |   199 |   220 |   237 ||  1136
       Dispersal         |       |       |       |       |       |     3 |     2 |     2 |    11 ||    18
       Starburst         |       |       |       |       |       |    87 |    74 |    89 |   118 ||   368
       Statue Form       |       |       |       |       |       |       |     1 |       |       ||     1
       Ozocubu's Refrige |       |       |       |       |       |       |   105 |   217 |    27 ||   349
       Spellforged Servi |       |       |       |       |       |       |       |    59 |    36 ||    95
       Discord           |       |       |       |       |       |       |       |       |    17 ||    17
       Fire Storm        |       |       |       |       |       |       |       |       |   468 ||   468
  Use: Scroll            |       |       |     7 |    11 |     6 |     2 |     6 |     2 |    30 ||    64
       Potion            |       |       |     1 |       |       |       |     1 |       |    10 ||    12
Armor: Robe              |     3 |     3 |     5 |       |       |       |       |       |       ||    11
       Acid dragon scale |       |       |       |    17 |    25 |     1 |       |       |       ||    43
       Troll leather arm |       |       |       |       |       |    14 |    23 |    16 |    30 ||    83
       Skin              |       |       |       |       |       |       |     2 |       |       ||     2
Dodge: Dodged            |     8 |    16 |    12 |    34 |    42 |    71 |    98 |    78 |    38 ||   397
Block: Buckler           |       |       |       |       |       |     4 |       |       |       ||     4
       Kite shield       |       |       |       |       |       |     8 |    23 |       |       ||    31
       Reflection        |       |       |       |       |       |     1 |    23 |    20 |     4 ||    48
       Tower shield      |       |       |       |       |       |       |    64 |   130 |   118 ||   312
